 Dungeon Crawl Stone Soup version 0.28-a0-1199-gef9e1dbd39 (webtiles) character file.

Game seed: 4510314719242833585

47 sanka the Slasher (level 3, -4/31 HPs)
             Began as a Palentonga Abyssal Knight on Dec 19, 2021.
             Was a Follower of Lugonu.
             Slain by an iguana (8 damage)
             ... on level 6 of the Dungeon.
             The game lasted 00:02:07 (2293 turns).

sanka the Slasher (Palentonga Abyssal Knight)       Turns: 2293, Time: 00:02:09

Health: -4/31      AC:  6    Str: 18    XL:     3   Next: 48%
Magic:  4/4        EV:  9    Int: 10    God:    Lugonu [*.....]
Gold:   65         SH:  0    Dex: 10    Spells: 2/2 levels left

rFire   . . .      SeeInvis +   a - +0 long sword
rCold   . . .      Faith    .   (no shield)
rNeg    . . .      Spirit   .   b - +0 leather armour
rPois   .          Reflect  .   j - +0 helmet
rElec   .          Harm     .   i - +0 cloak
rCorr   .          Rampage  .   (no gloves)
Will    .....                   (no barding)
Stlth   +.........              (no amulet)
HPRegen 0.10/turn               (no ring)
MPRegen 0.09/turn               (no ring)

@: no status effects
A: large, rugged brown scales 3, see invisible, deformed body, roll 1, armoured
tail
a: Rolling Charge, Renounce Religion, Depart the Abyss


You were on level 6 of the Dungeon.
You worshipped Lugonu.
Lugonu was aware of your devotion.
You visited 1 branch of the dungeon, and saw 5 of its levels.
You visited the Abyss 1 time.

You collected 65 gold pieces.


Innate Abilities, Weirdness & Mutations

You are completely covered in rugged brown scales. (AC +3, +7% HP)
You have supernaturally acute eyesight. (SInv)
Armour fits poorly on your strangely shaped body.
You can roll at nearby foes to attack.
You have a long armoured tail.


   Skills:
 - Level 3.0 Fighting
 + Level 3.9 Long Blades
 - Level 1.5 Armour
 - Level 0.7 Dodging
 - Level 2.0 Invocations


You had 2 spell levels left.
You didn't know any spells.
Your spell library was empty.

Inventory:

Hand Weapons
 a - a +0 long sword (weapon)
 p - a +0 dagger of venom
 q - the +2 mace of the Smoking Tiger {drain, rPois Str+10 Int-4 Stlth+} A truly terrible weapon, it drains the life of any living foe it strikes. Str: It affects your strength (+10). Int: It affects your intelligence (-4). rPois: It protects you from poison. Stlth: It makes you more stealthy.
 r - a +1 falchion
Armour
 b - a +0 leather armour (worn)
 i - a +0 cloak (worn)
 j - a +0 helmet (worn)
Jewellery
 g - an amulet of guardian spirit
Scrolls
 c - a scroll of magic mapping {unknown}
 d - a scroll of brand weapon {unknown}
 e - a scroll of silence {unknown}
 f - 2 scrolls of identify {unknown}
 h - a scroll of teleportation {unknown}
 k - a scroll of immolation {unknown}
 n - 2 scrolls of enchant weapon {unknown}
Potions
 l - 2 potions of invisibility {unknown}
 m - a potion of brilliance {unknown}
 o - a potion of degeneration {unknown}

Dungeon Overview and Level Annotations

Branches:
Dungeon (6/15)
 Temple: D:4-7

Altars:
Yredelemnul

▒▒▒...(.▒▒▒
▒.▒ ▒.▒
▒.....▒ ▒.▒
▒.▒
▒.....▒▒▒▒▒.▒
▒...
▒...........▒
▒▒▒▒
▒.▒▒▒.▒▒▒▒▒▒▒
▒.▒ ▒.▒ ▒.▒
▒.▒ ▒.▒ ▒.▒ ▒
▒H▒▒▒..>.
▒l.......
▒▒▒▒▒▒▒▒▒


You could see an iguana.


Message History

You see here a +0 long sword.
r - a +0 long sword
r - a +0 long sword (weapon)
Adjust (i)tems, (s)pells, or (a)bilities?
r - a +0 long sword (weapon)
Adjust to which letter? (? for menu, Esc to quit)
a - a +0 long sword (weapon)
r - a +1 falchion You see here 14 stones.
There is a stone staircase leading up here.
You climb upwards.
Found 25 stones and a scroll labelled WAUPUT NEPYWN.
Found a stone staircase leading down and a stone staircase leading up.
There is a stone staircase leading down here.
Unknown command.
The iguana bites you!
You climb downwards.
There is a stone staircase leading up here.
Unknown command.
You completely miss the iguana. The iguana bites you!
* * * LOW HITPOINT WARNING * * *
You closely miss the iguana. The iguana bites you!
* * * LOW HITPOINT WARNING * * *
You barely miss the iguana. The iguana barely misses you.
You hit the iguana but do no damage. The iguana bites you!
You die...

Action                   || total
-------------------------++-------
Melee: Falchion          ||    80
       Tailslap          ||    10
       Long sword        ||     4
 Abil: Rolling Charge    ||     3
Armor: Leather armour    ||    32
Dodge: Dodged            ||    34

Levels and vault maps discovered:
D:1:      dpeg_arrival_chambers_temple_mockup, layout_rooms
D:2:      layout_loops_corners, basic_altar, ebering_ecumenical_altar_abandoned
D:3:      layout_basic, mainiacjoe_overflow_24_doors, nicolae_underground_beach
D:5:      layout_layer_cave, grunt_temple_overflow_open, minmay_pentangle
D:6:      layout_loops_ring

Notes
Turn   | Place    | Note
-------+----------+-------------------------------------------
     0 | Abyss:1  | sanka the Palentonga Abyssal Knight began the quest for the
                  | Orb.
     0 | Abyss:1  | Reached XP level 1. HP: 19/19 MP: 2/2
    58 | D:1      | Escaped the Abyss
   378 | D:1      | Reached XP level 2. HP: 25/25 MP: 3/3
   682 | D:1      | Reached skill level 3 in Long Blades
   826 | D:2      | Found a basalt altar of Yredelemnul.
  1542 | D:2      | Reached XP level 3. HP: 31/31 MP: 4/4
  1726 | D:2      | Found a faded altar of an unknown god.
  2211 | D:6      | Identified the +2 mace of the Smoking Tiger {drain, rPois
                  | Str+10 Int-4 Stlth+}
  2284 | D:5      | Entered Level 5 of the Dungeon
  2291 | D:6      | HP: 3/31 [iguana (10)]
  2293 | D:6      | Slain by an iguana

Vanquished Creatures
  2 adders (D:2)
  A worm (D:2)
  3 ball pythons
  4 endoplasms (D:2)
  2 giant cockroaches
  A goblin (D:1)
  2 hobgoblins (D:1)
  2 jackals (D:1)
  A quokka (D:2)
  A frilled lizard (D:1)
  4 kobolds
  3 rats
26 creatures vanquished.
